 Dungeon Crawl Stone Soup version 0.18-a0-1560-ge216ca8 (webtiles) character file.

81 Ijustatesigmund the Insei (level 4, 0/30 HPs)
             Began as an Octopode Transmuter on Mar 12, 2016.
             Slain by a hobgoblin
             ... wielding a +0 club
             ... led by Robin
              (1 damage)
             ... on level 2 of the Dungeon.
             The game lasted 00:05:15 (2422 turns).

Ijustatesigmund the Insei (Octopode Transmuter)     Turns: 2422, Time: 00:05:15

Health: 0/30       AC:  1    Str: 14    XL:     4   Next: 40%
Magic:  1/7        EV: 12    Int: 16    God:
Gold:   45         SH:  0    Dex: 12    Spells: 3 memorised, 1 level left

rFire  . . .     SeeInvis .       - Unarmed
rCold  . . .     Gourm    .     (no shield)
rNeg   . . .     Faith    .     (helmet restricted)
rPois  .         Spirit   .     (no amulet)
rElec  .         Dismiss  .     (no ring)
rCorr  .         Reflect  .     (no ring)
SustAt .         Harm     .     (no ring)
MR     .....                    (no ring)
Stlth  ++........               (no ring)
                                (no ring)
                                (no ring)
                                (no ring)

@: mighty, appendage, very slightly contaminated, not resistant to hostile
enchantments, unstealthy
A: almost no armour, amphibious, 8 rings, constrict 8, tentacle spike 3,
camouflage 1, gelatinous body 1
a: End Transformation


You were on level 2 of the Dungeon.
You were not hungry.
One of your tentacles had a temporary spike.
You visited 1 branch of the dungeon, and saw 2 of its levels.

You collected 45 gold pieces.

Inventory:

Missiles
 a - 60 arrows
Scrolls
 e - a scroll of remove curse
Potions
 h - a potion of flight {unknown}
 k - a potion of magic {unknown}
Books
 b - a book of Changes

   Spells                             Type                      Level
   a - Beastly Appendage              Transmutation                1
   b - Sticks to Snakes               Transmutation                2
   c - Spider Form                    Transmutation/Poison         3
   d - Ice Form                       Ice/Transmutation            4
   e - Blade Hands                    Transmutation                5
Comestibles
 c - a bread ration
 f - 3 chunks of flesh
 i - a meat ration


   Skills:
 + Level 2.8 Fighting
 - Level 2.0 Dodging
 + Level 3.8 Unarmed Combat
 - Level 2.0 Spellcasting
 - Level 2.0 Transmutations
 + Level 1.9 Poison Magic


You had one spell level left.
You knew the following spells:

 Your Spells              Type           Power        Failure   Level  Hunger
a - Beastly Appendage     Trmt           #.....       10%         1    #......
b - Sticks to Snakes      Trmt           #.......     14%         2    ###....
c - Spider Form           Trmt/Pois      #.........   34%         3    ###....


Dungeon Overview and Level Annotations

Branches:
Dungeon (2/15)

Altars:
Cheibriados
Gozag
Nemelex Xobeh

Annotations:
D:2 Robin


Innate Abilities, Weirdness & Mutations

You cannot wear most types of armour.
You are amphibious.
You can wear up to eight rings at the same time.
You can use your tentacles to constrict eight enemies at once.
Your skin changes colour to match your surroundings (Stealth).
Your rubbery body absorbs attacks (AC +1).
One of your tentacles bears a large vicious spike.


Message History

You kill the goblin!
Robin escapes!
Your ball python bites Robin but does no damage.
Your ball python grabs Robin.
Your ball python constricts Robin.
A hobgoblin comes into view. It is wielding a club.
Your ball python bites Robin but does no damage.
Your ball python constricts Robin.
Robin zaps a wand.
The puff of flame misses you.
It is a wand of flame.
Your ball python bites Robin but does no damage.
Your ball python constricts Robin.
A goblin comes into view.
Robin hits you from afar with a trident of protection!
* * * LOW HITPOINT WARNING * * *
Your ball python bites Robin but does no damage.
Your ball python constricts Robin.
Robin hits you with a trident of protection.
* * * LOW HITPOINT WARNING * * *
Your ball python bites Robin but does no damage.
Your ball python constricts Robin.
The hobgoblin hits you with a club.
You die...

# #..##### #
#..รท...#...
##)))....#
##g####.#
###.#)#
##..###.#
##.gS## #..
#.#gg.# ...
##.@..# ....
##.##.# ...
#.# ## ...
#.# #.# #.#
#.# ... ...


You could see Robin, a hobgoblin, 2 goblins and a friendly ball python.

Vanquished Creatures
  2 adders (D:2)
  A worm (D:2)
  A dart slug (D:2)
  A giant gecko (D:1)
  A ball python (D:1)
  6 bats
  3 giant cockroaches
  14 goblins
  6 hobgoblins
  3 jackals (D:1)
  5 kobolds
  4 giant newts
  4 rats
51 creatures vanquished.

Vanquished Creatures (collateral kills)
  A goblin (D:2)
1 creature vanquished.

Grand Total: 52 creatures vanquished

Notes
Turn   | Place    | Note
--------------------------------------------------------------
     0 | D:1      | Ijustatesigmund the Octopode Transmuter began the quest for the Orb.
     0 | D:1      | Reached XP level 1. HP: 13/13 MP: 3/3
   200 | D:1      | Reached XP level 2. HP: 13/18 MP: 5/5
   206 | D:1      | Learned a level 2 spell: Sticks to Snakes
   514 | D:1      | Found a sparkling altar of Nemelex Xobeh.
   861 | D:1      | Reached XP level 3. HP: 16/24 MP: 6/6
   866 | D:1      | Learned a level 3 spell: Spider Form
  1052 | D:1      | Noticed a phantom
  1427 | D:2      | Found a snail-covered altar of Cheibriados.
  1454 | D:2      | Reached skill level 1 in Poison Magic
  1829 | D:2      | Found an opulent altar of Gozag.
  2046 | D:2      | Reached XP level 4. HP: 15/30 MP: 5/7
  2405 | D:2      | Noticed Robin
  2422 | D:2      | HP: 1/30 [Robin/trident of protection (1)]
  2422 | D:2      | Slain by a hobgoblin

Vault maps used:
D:1:      shiori_arrival_maze, nemelex_xobeh_ov_fountains_minmay
D:2:      grunt_temple_overflow_forces_of_nature, old_standard_altar,
          nicolae_overflow_hidden_temple, grunt_gozag_breadcrumbs,
          grunt_ministairs_10, uniq_crazy_yiuf_cottage, uniq_robin

Skill      XL: |  1  2  3 |
---------------+----------+-----
Fighting       | 2 |  2.8
Poison Magic   | 1 |  1.9
Dodging        | |  2.0
Unarmed Combat | |  3.8
Spellcasting   | |  2.0
Transmutations | |  2.0

Action                   |  1- 3 |  4- 6 || total
-------------------------+-------+-------++-------
Melee: Unarmed           |    97 |    25 ||   122
 Cast: Sticks to Snakes  |     4 |     1 ||     5
       Beastly Appendage |     4 |     1 ||     5
       Spider Form       |       |     3 ||     3
  Use: Scroll            |     5 |     1 ||     6
       Potion            |       |     1 ||     1
 Stab: Sleeping          |     4 |       ||     4
  Eat: Chunk             |     2 |     2 ||     4
       Pizza             |     1 |       ||     1
